PAAA
TORTOLITA DRUMMERS @ BLOOMINGTON LONGNECKS
07/30/2022
 
TOP OF THE 1ST
Tortolita Drummers batting - Pitching for Bloomington Longnecks : RHP William Waters
Pitching: RHP William Waters
Batting: SHB Mauro López 0-0: Foul Ball, location: 2F
Single, Error in OF, E7, batter to second base
Batting: RHB Jorge Féliz 0-0: Foul Ball, location: 2F
0-1: Swinging Strike
0-2: Foul Ball, location: 2F
0-2: Ball
1-2: Foul Ball, location: 2F
1-2: Ground out 6-3 (Groundball, 6S)
Mauro López to third
Batting: RHB Lonnie Conrad 0-0: Called Strike
0-1: Called Strike
0-2: Foul Ball, location: 2F
0-2: Foul Ball, location: 2F
0-2: Ball
1-2: Strikes out swinging
Batting: SHB Will Brock 0-0: Called Strike
0-1: Called Strike
0-2: Ground out 1-3 (Groundball, 13S)
Top of the 1st over - 0 run(s), 1 hit(s), 1 error(s), 1 left on base; Tortolita 0 - Bloomington 0
BOTTOM OF THE 1ST
Bloomington Longnecks batting - Pitching for Tortolita Drummers : RHP Aaron Wise
Pitching: RHP Aaron Wise
Batting: RHB Darrell Terwey 0-0: Ball
1-0: Swinging Strike
1-1: Ground out 1-3 (Groundball, 13)
Batting: RHB António Meléndez 0-0: Called Strike
0-1: Swinging Strike
0-2: Ball
1-2: Fly out, F8 (Flyball, 8RM)
Batting: SHB Adrián Pueblo 0-0: Ball
1-0: Ball
2-0: Called Strike
2-1: Swinging Strike
2-2: Ball
3-2: Ground out 6-3 (Groundball, 6)
Bottom of the 1st over - 0 run(s), 0 hit(s), 0 error(s), 0 left on base; Tortolita 0 - Bloomington 0
TOP OF THE 2ND
Tortolita Drummers batting - Pitching for Bloomington Longnecks : RHP William Waters
Batting: SHB Dan Godwin 0-0: Called Strike
0-1: Swinging Strike
0-2: DOUBLE (Line Drive, 7LS)
Batting: RHB Jim Harris 0-0: Called Strike
0-1: Ball
1-1: Foul Ball, location: 2F
1-2: Ball
2-2: Strikes out swinging
Batting: SHB Cedric Fields 0-0: Swinging Strike
0-1: Ball
1-1: Foul Ball, location: 2F
1-2: Strikes out swinging
Batting: LHB Adrián Franco 0-0: Called Strike
0-1: Fly out, F5 (Line Drive, 5S)
Top of the 2nd over - 0 run(s), 1 hit(s), 0 error(s), 1 left on base; Tortolita 0 - Bloomington 0
BOTTOM OF THE 2ND
Bloomington Longnecks batting - Pitching for Tortolita Drummers : RHP Aaron Wise
Batting: SHB Jared Jefferson 0-0: Called Strike
0-1: Called Strike
0-2: Ball
1-2: Foul Ball, location: 2F
1-2: Foul Ball, location: 2F
1-2: Foul Ball, location: 2F
1-2: Foul Ball, location: 2F
1-2: Foul Ball, location: 2F
1-2: Ground out U3 (Groundball, 3S)
Batting: LHB Joram Nelen 0-0: Swinging Strike
0-1: Ball
1-1: Ball
2-1: Ball
3-1: Foul Ball, location: 2F
3-2: Strikes out swinging
Batting: SHB Juan Gil 0-0: Called Strike
0-1: Ball
1-1: Called Strike
1-2: Strikes out swinging
Bottom of the 2nd over - 0 run(s), 0 hit(s), 0 error(s), 0 left on base; Tortolita 0 - Bloomington 0
TOP OF THE 3RD
Tortolita Drummers batting - Pitching for Bloomington Longnecks : RHP William Waters
Batting: RHB Nick Reed 0-0: Called Strike
0-1: Reached on error, E2 (Groundball, 23)
Batting: SHB Mauro López 0-0: Ball
1-0: Ball
2-0: Ball
3-0: Called Strike
3-1: Base on Balls
Batting: RHB Jorge Féliz 0-0: Called Strike
0-1: Ball
1-1: Foul Ball, location: 2F
1-2: Fly out, F9 (Line Drive, 9M)
Runner from 2nd tags up, SAFE at 3rd with throw
Batting: RHB Lonnie Conrad 0-0: Ball
1-0: Ball
2-0: Called Strike
2-1: Ball
3-1: Base on Balls
Mauro López to second
Batting: SHB Will Brock 0-0: Called Strike
0-1: Foul Ball, location: 2F
0-2: Strikes out swinging
Batting: SHB Dan Godwin 0-0: Fly out, F7 (Flyball, 7M)
Top of the 3rd over - 0 run(s), 0 hit(s), 1 error(s), 3 left on base; Tortolita 0 - Bloomington 0
BOTTOM OF THE 3RD
Bloomington Longnecks batting - Pitching for Tortolita Drummers : RHP Aaron Wise
Batting: RHB Iván Ríos 0-0: Called Strike
0-1: Swinging Strike
0-2: Foul Ball, location: 2F
0-2: Foul Ball, location: 2F
0-2: Foul Ball, location: 2F
0-2: Ball
1-2: Foul Ball, location: 2F
1-2: Foul Ball, location: 2F
1-2: Fly out, F9 (Flyball, 9M)
Batting: LHB John Doyle 0-0: Called Strike
0-1: Foul Ball, location: 2F
0-2: Strikes out looking
Batting: LHB Monte Pollard 0-0: Called Strike
0-1: Ball
1-1: Ball
2-1: Ground out U3 (Groundball, 3)
Bottom of the 3rd over - 0 run(s), 0 hit(s), 0 error(s), 0 left on base; Tortolita 0 - Bloomington 0
TOP OF THE 4TH
Tortolita Drummers batting - Pitching for Bloomington Longnecks : RHP William Waters
Batting: RHB Jim Harris 0-0: Ball
1-0: Called Strike
1-1: Swinging Strike
1-2: Ball
2-2: SINGLE (Line Drive, 5D)
Batting: SHB Cedric Fields 0-0: Ball
1-0: Ball
2-0: Ball
3-0: Base on Balls
Jim Harris to second
Batting: LHB Adrián Franco 0-0: Ball
1-0: Fly out, F7 (Flyball, 7M)
Batting: RHB Nick Reed 0-0: Ball
1-0: Called Strike
1-1: Fly out, F4 (Popup, 8RS)
Batting: SHB Mauro López 0-0: 3-RUN HOME RUN (Flyball, 89XD), Distance : 382 ft
Batting: RHB Jorge Féliz 0-0: Fly out, F9 (Line Drive, 9M)
Top of the 4th over - 3 run(s), 2 hit(s), 0 error(s), 0 left on base; Tortolita 3 - Bloomington 0
BOTTOM OF THE 4TH
Bloomington Longnecks batting - Pitching for Tortolita Drummers : RHP Aaron Wise
Batting: RHB Darrell Terwey 0-0: Ground out 1-3 (Groundball, 23)
Batting: RHB António Meléndez 0-0: Ball
1-0: Ball
2-0: SINGLE (Line Drive, 56D)
Batting: SHB Adrián Pueblo 0-0: Called Strike
0-1: Ball
1-1: Ball
2-1: Ball
3-1: Foul Ball, location: 2F
3-2: 2-RUN HOME RUN (Flyball, 9LD), Distance : 333 ft
Batting: SHB Jared Jefferson 0-0: DOUBLE (Line Drive, 9LM)
Batting: LHB Joram Nelen 0-0: Ball
1-0: SINGLE (Line Drive, 34D)
Jared Jefferson to third
Batting: SHB Juan Gil 0-0: Foul Ball, location: 2F
0-1: Called Strike
0-2: Foul Ball, location: 2F
0-2: Ball
1-2: Ball
2-2: Ball
3-2: SINGLE (Line Drive, 89M)
Jared Jefferson scores
Joram Nelen to second
Batting: RHB Iván Ríos 0-0: Called Strike
0-1: Ground out 5-3 (Groundball, 56S)
Joram Nelen to third
Juan Gil to second
Batting: LHB John Doyle 0-0: Ground out 3-1 (Groundball, 34)
Bottom of the 4th over - 3 run(s), 5 hit(s), 0 error(s), 2 left on base; Tortolita 3 - Bloomington 3
TOP OF THE 5TH
Tortolita Drummers batting - Pitching for Bloomington Longnecks : RHP William Waters
Batting: RHB Lonnie Conrad 0-0: Ball
1-0: Foul Ball, location: 2F
1-1: Called Strike
1-2: Ball
2-2: Strikes out swinging
Batting: SHB Will Brock 0-0: Called Strike
0-1: Foul Ball, location: 2F
0-2: Ball
1-2: Ball
2-2: Strikes out swinging
Batting: SHB Dan Godwin 0-0: Called Strike
0-1: Fly out, F7 (Flyball, 7LS)
Top of the 5th over - 0 run(s), 0 hit(s), 0 error(s), 0 left on base; Tortolita 3 - Bloomington 3
BOTTOM OF THE 5TH
Bloomington Longnecks batting - Pitching for Tortolita Drummers : RHP Aaron Wise
Batting: LHB Monte Pollard 0-0: Called Strike
0-1: Called Strike
0-2: Ground out 4-3 (Groundball, 4)
Batting: RHB Darrell Terwey 0-0: Ball
1-0: Ground out 6-3 (Groundball, 6)
Batting: RHB António Meléndez 0-0: Foul Ball, location: 2F
0-1: Fly out, F9 (Flyball, 9S)
Bottom of the 5th over - 0 run(s), 0 hit(s), 0 error(s), 0 left on base; Tortolita 3 - Bloomington 3
TOP OF THE 6TH
Tortolita Drummers batting - Pitching for Bloomington Longnecks : RHP William Waters
Batting: RHB Jim Harris 0-0: Ball
1-0: Foul Ball, location: 2F
1-1: Ball
2-1: Called Strike
2-2: Strikes out swinging
Batting: SHB Cedric Fields 0-0: Called Strike
0-1: Ball
1-1: Ball
2-1: Ball
3-1: Foul Ball, location: 2F
3-2: Strikes out swinging
Batting: LHB Adrián Franco 0-0: Ball
1-0: Ball
2-0: Ball
3-0: Base on Balls
Batting: RHB Nick Reed 0-0: Ball
1-0: 2-RUN HOME RUN (Line Drive, 7D), Distance : 383 ft
Batting: SHB Mauro López 0-0: Bunt for hit - play at first, batter OUT! 1-3
Top of the 6th over - 2 run(s), 1 hit(s), 0 error(s), 0 left on base; Tortolita 5 - Bloomington 3
BOTTOM OF THE 6TH
Bloomington Longnecks batting - Pitching for Tortolita Drummers : RHP Aaron Wise
Batting: SHB Adrián Pueblo 0-0: Ground out U3 (Groundball, 3L)
Batting: SHB Jared Jefferson 0-0: Called Strike
0-1: Ground out U3 (Groundball, 3L)
Batting: LHB Joram Nelen 0-0: Ball
1-0: Called Strike
1-1: Foul Ball, location: 2F
1-2: Foul Ball, location: 2F
1-2: Foul Ball, location: 2F
1-2: Ball
2-2: Fly out, F8 (Line Drive, 8LS)
Bottom of the 6th over - 0 run(s), 0 hit(s), 0 error(s), 0 left on base; Tortolita 5 - Bloomington 3
TOP OF THE 7TH
Tortolita Drummers batting - Pitching for Bloomington Longnecks : RHP William Waters
Batting: RHB Jorge Féliz 0-0: Fly out, F8 (Line Drive, 8RD)
Batting: RHB Lonnie Conrad 0-0: Called Strike
0-1: Ball
1-1: Foul Ball, location: 2F
1-2: Ball
2-2: Ball
3-2: SINGLE (Groundball, 4MD)
Pitching: RHP Mark Bourg
Batting: SHB Will Brock 0-0: Fly out, F4 (Line Drive, 4)
Batting: SHB Dan Godwin 0-0: Foul Ball, location: 2F
0-1: Ball
1-1: Foul Ball, location: 2F
1-2: Ground out 4-3 (Groundball, 4)
Top of the 7th over - 0 run(s), 1 hit(s), 0 error(s), 1 left on base; Tortolita 5 - Bloomington 3
BOTTOM OF THE 7TH
Bloomington Longnecks batting - Pitching for Tortolita Drummers : RHP Aaron Wise
Batting: SHB Juan Gil 0-0: Ball
1-0: Called Strike
1-1: Called Strike
1-2: Ball
2-2: Strikes out swinging
Pitching: LHP Steven Hodnett
Batting: RHB Iván Ríos 0-0: Ball
1-0: Ball
2-0: Called Strike
2-1: Called Strike
2-2: Foul Ball, location: 2F
2-2: Ground out 3-1 (Groundball, 3D)
Batting: LHB John Doyle 0-0: Ball
1-0: Ground out 4-3 (Groundball, 34)
Bottom of the 7th over - 0 run(s), 0 hit(s), 0 error(s), 0 left on base; Tortolita 5 - Bloomington 3
TOP OF THE 8TH
Tortolita Drummers batting - Pitching for Bloomington Longnecks : RHP Mark Bourg
Batting: RHB Jim Harris 0-0: Foul Ball, location: 2F
0-1: Ball
1-1: Hit by Pitch
Batting: SHB Cedric Fields 0-0: Ball
1-0: Sac Bunt - play at second, runner OUT! 5-6
Batting: LHB Adrián Franco 0-0: Called Strike
0-1: Ball
1-1: Ball
2-1: Foul Ball, location: 2F
2-2: Ball
3-2: Base on Balls
Cedric Fields to second
Pinch Hitting: LHB Raúl Andrade 0-0: Ball
1-0: Swinging Strike
1-1: SINGLE (Groundball, 34S)
Cedric Fields to third
Adrián Franco to second
Runner from 3rd tries for Home, SAFE, throw made home
Adrián Franco to third
Raúl Andrade to second
Batting: SHB Mauro López 0-0: Ball
1-0: Ball
2-0: Ball
3-0: Called Strike
3-1: SINGLE (Groundball, 34D)
Adrián Franco scores
Raúl Andrade to third
Batting: RHB Jorge Féliz 0-0: Fly out, F8 (Flyball, 8RM)
Runner from 3rd tags up, SCORES, throw made
Pitching: RHP Santiago Hernández
Batting: RHB Lonnie Conrad 0-0: Ball
1-0: Foul Ball, location: 2F
1-1: Ball
2-1: Foul Ball, location: 2F
2-2: Ball
3-2: Base on Balls
Mauro López to second
Batting: SHB Will Brock 0-0: Foul Ball, location: 2F
0-1: Ground out 4-3 (Groundball, 4)
Top of the 8th over - 3 run(s), 2 hit(s), 0 error(s), 2 left on base; Tortolita 8 - Bloomington 3
BOTTOM OF THE 8TH
Bloomington Longnecks batting - Pitching for Tortolita Drummers : LHP Steven Hodnett
Now at 2B: Roger Wheeler
Batting: LHB Monte Pollard 0-0: Called Strike
0-1: SINGLE (Flyball, 9LS)
Batting: RHB Darrell Terwey 0-0: Called Strike
0-1: Ball
1-1: Swinging Strike
1-2: Foul Ball, location: 2F
1-2: SINGLE (Line Drive, 8LS)
Monte Pollard to second
Batting: RHB António Meléndez 0-0: Called Strike
0-1: Called Strike
0-2: Strikes out swinging
Batting: SHB Adrián Pueblo 0-0: Ball
1-0: Ball
2-0: Ball
3-0: Called Strike
3-1: Grounds into double play, 4-6-3 (Groundball, 4)
Bottom of the 8th over - 0 run(s), 2 hit(s), 0 error(s), 1 left on base; Tortolita 8 - Bloomington 3
TOP OF THE 9TH
Tortolita Drummers batting - Pitching for Bloomington Longnecks : RHP Santiago Hernández
Pitching: RHP Vincente Ortíz
Batting: SHB Dan Godwin 0-0: Ball
1-0: Ground out 4-3 (Groundball, 4)
Batting: RHB Jim Harris 0-0: Called Strike
0-1: Ball
1-1: Ball
2-1: Ball
3-1: Base on Balls
Batting: SHB Cedric Fields 0-0: Ball
1-0: Ball
2-0: Called Strike
2-1: SINGLE (Groundball, 34D)
Jim Harris to second
Runner from 2nd tries for 3rd, SAFE, no throw or cutoff
Batting: LHB Adrián Franco 0-0: Called Strike
0-1: Grounds into double play, 1-6-3 (Groundball, 13S)
Top of the 9th over - 0 run(s), 1 hit(s), 0 error(s), 1 left on base; Tortolita 8 - Bloomington 3
BOTTOM OF THE 9TH
Bloomington Longnecks batting - Pitching for Tortolita Drummers : LHP Steven Hodnett
Pitching: RHP Pete Wood
Batting: SHB Jared Jefferson 0-0: Swinging Strike
0-1: Ground out 4-3 (Groundball, 4)
Batting: LHB Joram Nelen 0-0: SINGLE (Groundball, 3S)
Batting: SHB Juan Gil 0-0: Called Strike
0-1: SINGLE (Flyball, 7S)
Joram Nelen to second
Batting: RHB Iván Ríos 0-0: Called Strike
Reached via error on a dropped throw, E6
Joram Nelen to third
Juan Gil to second
Batting: LHB John Doyle 0-0: Ball
1-0: Ball
2-0: Called Strike
2-1: Fly out, F7 (Flyball, 78M)
Batting: LHB Monte Pollard 0-0: Called Strike
0-1: Ball
1-1: Foul Ball, location: 2F
1-2: Foul Ball, location: 2F
1-2: Ball
2-2: Ball
3-2: Foul Ball, location: 2F
3-2: Fly out, F7 (Flyball, 7D)
Bottom of the 9th over - 0 run(s), 2 hit(s), 1 error(s), 3 left on base; Tortolita 8 - Bloomington 3
This league is powered by Out of the Park Baseball, the baseball management simulation game for PC, Mac and Linux
Friday, April 15th, 2016 - OOTP Baseball 16.9 Build 39